 Dungeon Crawl Stone Soup version 0.25-a0-294-gea9b1ad378 (webtiles) character file.

Game seed: 9680088011764365768, levelgen mode: classic

485 Borgoz the Slasher (level 7, -1/66 HPs)
             Began as a Gargoyle Berserker on Dec 17, 2019.
             Was a Priest of Trog.
             Killed from afar by an orc wizard (5 damage)
             ... with a magic dart
             ... on level 4 of the Dungeon.
             The game lasted 00:04:53 (4627 turns).

Borgoz the Slasher (Gargoyle Berserker)             Turns: 4627, Time: 00:04:53

Health: -1/66      AC:  8    Str: 26    XL:     7   Next: 13%
Magic:  7/7        EV: 13    Int:  7    God:    Trog [***...]
Gold:   129        SH:  0    Dex: 11    Spells: 6/6 levels left

rFire    . . .     SeeInvis +   a - +0 falchion
rCold    . . .     Gourm    .   (no shield)
rNeg     + . .     Faith    .   b - +0 animal skin
rPois    ∞         Spirit   .   y - +0 helmet
rElec    +         Reflect  .   (no cloak)
rCorr    .         Harm     .   (no gloves)
MR       .....                  (no boots)
Stlth    ..........             r - amulet of rage
HPRegen  0.21/turn              g - ring of see invisible
MPRegen  0.10/turn              (no ring)

@: berserking (expiring), very quick
A: negative energy resistance 1, electricity resistance, unbreathing,
petrification resistance, rot immunity, AC +4
a: Berserk, Trog's Hand, Renounce Religion, Evoke Berserk Rage


You were on level 4 of the Dungeon.
You worshipped Trog.
Trog was most pleased with you.
You were not hungry.

You visited 1 branch of the dungeon, and saw 5 of its levels.
You also visited: Sewer.

You collected 129 gold pieces.

Inventory:

Hand Weapons
 a - a +0 falchion (weapon)
Armour
 b - a +0 animal skin (worn)
 y - a +0 helmet (worn)
Jewellery
 g - a ring of see invisible (left hand)
 n - an uncursed ring of fire
 r - an amulet of rage (around neck)
Scrolls
 d - a scroll of remove curse {unknown}
 e - 2 scrolls of identify {unknown}
 f - a scroll of fear {unknown}
 i - a scroll of noise {unknown}
 j - a scroll of enchant armour {unknown}
 k - a scroll of fog {unknown}
 t - 2 scrolls of teleportation {unknown}
 v - a scroll of magic mapping {unknown}
Potions
 c - 4 potions of flight {unknown}
 h - 2 potions of curing {unknown}
 o - a potion of cancellation {unknown}
 p - a potion of heal wounds {unknown}
 q - a potion of brilliance {unknown}
 s - a potion of berserk rage {unknown}
 u - a potion of mutation {unknown}
 w - a potion of agility {unknown}
 x - 2 potions of haste {unknown}
 z - a potion of ambrosia {unknown}
Comestibles
 m - 8 rations
 A - 14 chunks of flesh


   Skills:
 + Level 4.5 Fighting
 * Level 5.1 Long Blades
 + Level 4.1 Armour
 + Level 3.1 Dodging


You had 6 spell levels left.
You didn't know any spells.
Your spell library was empty.

Dungeon Overview and Level Annotations

Branches:
Dungeon (5/15)             Temple (0/1) D:4           Sewer (visited)

Altars:
Ru
Trog
Vehumet


Innate Abilities, Weirdness & Mutations

You are resistant to torment.
Your stone body is resilient. (AC +4)
You are immune to poison.
You resist negative energy. (rN+)
You are resistant to electric shocks. (rElec)
You can survive without breathing.
You are immune to petrification.
You are immune to rotting.


Message History

The orc wizard hits you but does no damage.
You closely miss the orc wizard.
The orc wizard is heavily wounded.
The orc wizard hits you with a +0 dagger.
You slash the orc wizard!
The orc wizard is almost dead.
The orc wizard points at you and mumbles some strange words.
The puff of flame hits you!
* * * LOW HITPOINT WARNING * * *
You hit the orc wizard.
You kill the orc wizard!
Trog accepts your kill.
Trog appreciates your killing of a magic user.
The orc priest mumbles some strange prayers to Beogh against you.
Beogh smites you!
* * * LOW HITPOINT WARNING * * *
The orc misses you. The orc wizard casts a spell at you.
The magic dart hits you.
You die...

#.# #...## #..#
# #.# ##..#
#..# #.# #..#
## #.. #.# #..#
..## ##.# #..#
...# #.## #..#
....# # .##
#..## #....# #
##
#...#####oo..#
# #
#...[...@oo..#
##...######...#
##### .# .


You could see an orc priest, an orc wizard (invisible) and 2 orcs.

Vanquished Creatures
  An ogre (D:4)
  A big kobold (Sewer)
  An orc priest (D:3)
  An orc wizard (D:4)
  A worker ant zombie (D:5)
  Robin (D:4)
  11 adders
  3 river rats (Sewer)
  2 oozes
  A worm (D:2)
  3 dart slugs
  5 leopard geckos
  6 orcs (D:3)
  A ball python (D:1)
  8 giant cockroaches
  11 goblins
  12 hobgoblins
  A jackal (Sewer)
  2 quokkas
  4 bats
  4 frilled lizards
  15 kobolds
  9 rats
104 creatures vanquished.

Notes
Turn   | Place    | Note
-------+----------+-------------------------------------------
     0 | D:1      | Borgoz the Gargoyle Berserker began the quest for the Orb.
     0 | D:1      | Reached XP level 1. HP: 14/14 MP: 1/1
   105 | D:1      | Reached skill level 3 in Long Blades
   105 | D:1      | Reached XP level 2. HP: 15/19 MP: 2/2
   678 | D:1      | Reached XP level 3. HP: 23/23 MP: 3/3
  1040 | D:2      | Found a radiant altar of Vehumet.
  1254 | D:2      | Reached XP level 4. HP: 13/28 MP: 4/4
  1362 | D:2      | Found a bloodstained altar of Trog.
  1645 | D:2      | Reached ** piety under Trog
  2497 | D:3      | Found a glowing drain.
  2508 | Sewer    | Entered a sewer
  2517 | Sewer    | Reached XP level 5. HP: 27/32 MP: 5/5
  2532 | Sewer    | Reached skill level 4 in Long Blades
  2938 | Sewer    | Noticed a big kobold
  2956 | Sewer    | Killed a big kobold
  2992 | Sewer    | Found a white marble altar of Elyvilon.
  3103 | D:3      | Reached XP level 6. HP: 38/38 MP: 6/6
  3240 | D:3      | Reached *** piety under Trog
  3472 | D:3      | You fall into a shaft and drop 2 floors!
  3472 | D:5      | Entered Level 5 of the Dungeon
  4346 | D:4      | Found a staircase to the Ecumenical Temple.
  4459 | D:4      | Found a sacrificial altar of Ru.
  4493 | D:4      | Noticed Robin
  4510 | D:4      | Reached XP level 7. HP: 36/44 MP: 7/7
  4512 | D:4      | Reached skill level 5 in Long Blades
  4513 | D:4      | Killed Robin
  4626 | D:4      | HP: 3/66 [orc priest/divine providence (11)]
  4627 | D:4      | Killed from afar by an orc wizard

Levels and vault maps discovered:
D:1:      ncdulo_watergridlock, layout_basic
D:2:      layout_basic, vehumet_crystals, nicolae_overflow_crystal_walls,
          first_ration
D:3:      layout_basic, gup_sewer_entry_pipe, chequers_mini_garden,
          kennysheep_generic_room_3
D:4:      layout_layer_cave, kennysheep_mini, minmay_temple_entry_stoned_glass,
          chequers_serial_rivers_room_b, uniq_robin, uniq_menkaure
D:5:      layout_cave_pods, basic_altar, okawaru_altar_gauntlet_db

Skill      XL: |  1  2  3  4  5  6  7 |
---------------+----------------------+-----
Long Blades    | 3 4 5 |  5.1
Dodging        | 2 3 |  3.1
Armour         | 3 4 |  4.1
Fighting       | 4 |  4.5

Action                   |  1- 3 |  4- 6 |  7- 9 || total
-------------------------+-------+-------+-------++-------
Melee: Falchion          |    91 |   275 |    12 ||   378
Invok: Berserk           |       |     4 |     1 ||     5
 Stab: Sleeping          |     1 |       |       ||     1
  Eat: Chunk             |     1 |    10 |     2 ||    13
       Ration            |       |     1 |       ||     1
Armor: Animal skin       |    36 |    94 |     4 ||   134
Dodge: Dodged            |    48 |   189 |    14 ||   251
       Rpst.: Falchion   |    19 |    53 |     5 ||    77

Table legend:
 A = Non-vault XP
 B = Vault XP
 C = Vault XP percentage of total XP
 D = Non-vault monster count
 E = Vault monster count
 F = Vault count percentage of total count
                 A         B        C        D         E       F
            +---------+---------+-------+---------+---------+-------
      Total |     488 |     206 |  29.7 |      75 |      29 |  27.9
            +---------+---------+-------+---------+---------+-------
        D:1 |      40 |       0 |   0.0 |      21 |       0 |   0.0
        D:2 |      84 |       0 |   0.0 |      19 |       0 |   0.0
        D:3 |     140 |      19 |  11.9 |      27 |       8 |  22.9
        D:4 |     201 |      34 |  14.5 |       6 |      11 |  64.7
        D:5 |      23 |       0 |   0.0 |       2 |       0 |   0.0
      Sewer |       0 |     153 | 100.0 |       0 |      10 | 100.0
            +---------+---------+-------+---------+---------+-------
